 Seeded DCSS version 0.29-a0-885-gb26ba3297d (webtiles) character file.

Game seed: 7968154553560935481 (custom seed)

84 Kazon the Cudgeller (level 4, -1/45 HPs)
             Began as an Ogre Gladiator on July 20, 2022.
             Slain by a gnoll
             ... wielding a +0 flail
              (7 damage)
             ... on level 2 of the Dungeon.
             The game lasted 00:02:41 (990 turns).

Kazon the Cudgeller (Ogre Gladiator)                 Turns: 990, Time: 00:02:42

Health: -1/45      AC:  3    Str: 20    XL:     4   Next: 46%
Magic:  4/4        EV: 10    Int:  9    God:
Gold:   99         SH:  0    Dex: 10    Spells: 3/3 levels left

rFire   . . .      SeeInvis .   a - +0 flail
rCold   . . .      Faith    .   (no shield)
rNeg    . . .      Spirit   .   b - +0 robe
rPois   .          Reflect  .   c - +0 hat
rElec   .          Harm     .   (no cloak)
rCorr   .          Rampage  .   (gloves unavailable)
Will    .....                   (boots unavailable)
Stlth   +.........              (no amulet)
HPRegen 0.15/turn               (no ring)
MPRegen 0.09/turn               (no ring)

@: no status effects
A: large, unfitting armour, tough skin 1
a: no special abilities


You were on level 2 of the Dungeon.
You visited 1 branch of the dungeon, and saw 2 of its levels.

You collected 99 gold pieces.

Inventory:

Hand Weapons
 a - a +0 flail (weapon)
Missiles
 d - 3 throwing nets
 e - a large rock
 g - 12 stones (quivered)
 n - 3 boomerangs
Armour
 b - a +0 robe (worn)
 c - a +0 hat (worn)
Jewellery
 i - a ring of see invisible
Scrolls
 f - a scroll of poison {unknown}
 j - a scroll of vulnerability {unknown}
 k - 2 scrolls of teleportation {unknown}
 l - a scroll of enchant armour {unknown}
Potions
 h - 4 potions of attraction {unknown}
 m - a potion of ambrosia {unknown}
 o - a potion of flight {unknown}


   Skills:
 + Level 3.4 Fighting
 + Level 3.7 Maces & Flails
 + Level 2.2 Throwing
 + Level 3.4 Dodging


You had 3 spell levels left.
You didn't know any spells.
Your spell library was empty.

Dungeon Overview and Level Annotations

Branches:
Dungeon (2/15)

Altars:

Shops:
D:1 *


Innate Abilities, Weirdness & Mutations

You are too large for most types of armour.
You have tough skin. (AC +1)


Message History

You kill Natasha!
Natasha growls in agony!
You sock the gnoll!
The gnoll is severely wounded.
The gnoll hits you with a +0 flail! The gnoll closely misses you.
You hit the gnoll.
The gnoll is almost dead.
The gnoll hits you with a +0 flail!
* * * LOW HITPOINT WARNING * * *
You hit the gnoll but do no damage.
The gnoll is almost dead.
The gnoll closely misses you.
You barely miss the gnoll.
The gnoll is almost dead.
The gnoll closely misses you.
You sock the gnoll!
You kill the gnoll!
You have reached level 4!
You hit the gnoll.
The gnoll is heavily wounded.
The gnoll closely misses you. The gnoll barely misses you.
You closely miss the gnoll.
The gnoll is heavily wounded.
The gnoll barely misses you.
You sock the gnoll!
You kill the gnoll!
You barely miss the gnoll. Your punch misses the gnoll.
The gnoll hits you with a +0 flail.
* * * LOW HITPOINT WARNING * * *
You closely miss the gnoll. You punch the gnoll.
The gnoll is moderately wounded.
The gnoll hits you with a +0 flail.
* * * LOW HITPOINT WARNING * * *
You thump the gnoll!
You kill the gnoll!
The gnoll barely misses you.
You sock the gnoll!
The gnoll is heavily wounded.
The gnoll hits you with a +0 flail!
You die...

#........# ## #........#
#.# #.......[#### # #
#.# #.#.....#..)[ ..
#...# #.........###
#..##.#.###........##
.....#.##......>..#
#.†..##.##.....##
#...g@........##
#...###.####...#
............# #.#.##
.........#..# #.#..#
........###.####.##.#
#### ......h.#
#......##.###...
........#
#####...#..##...
.##.##### #.†)#.........
....#######.######.#....


You could see a gnoll.

Vanquished Creatures
  Natasha (D:2)
  3 gnolls (D:2)
  2 dart slugs (D:1)
  3 ball pythons (D:1)
  A bat (D:2)
  An endoplasm (D:1)
  2 giant cockroaches (D:1)
  3 goblins
  2 hobgoblins
  4 jackals
  2 quokkas
  3 frilled lizards
27 creatures vanquished.

Notes
Turn   | Place    | Note
-------+----------+-------------------------------------------
     0 | D:1      | Kazon the Ogre Gladiator began the quest for the Orb.
     0 | D:1      | Reached XP level 1. HP: 22/22 MP: 1/1
    24 | D:1      | Reached XP level 2. HP: 22/29 MP: 2/2
   510 | D:1      | Found Mema's Assorted Antiques.
   723 | D:2      | Reached XP level 3. HP: 22/36 MP: 3/3
   968 | D:2      | Noticed Natasha
   978 | D:2      | Killed Natasha
   984 | D:2      | Reached XP level 4. HP: 11/45 MP: 4/4
   990 | D:2      | Slain by a gnoll

Illustrated notes

Levels and vault maps discovered:
D:1:      minmay_arrival_solitary_statue, layout_rooms, serial_shops, shop,
          grunt_decor_junction, chequers_serial_rivers_micro_e,
          minmay_misc_feat_hallway, st_stairs_12, minmay_stone_trees_medium
D:2:      layout_rooms, basic_altar, ebering_ecumenical_altar_abandoned,
          nrook_loot_triangle, uniq_natasha

Skill      XL: |  1  2  3 |
---------------+----------+-----
Maces & Flails | 3 |  3.7
Dodging        | 3 |  3.4
Fighting       | 3 |  3.4
Throwing       | |  2.2

Action                   |  1- 3 |  4- 6 || total
-------------------------+-------+-------++-------
Melee: Flail             |    76 |     7 ||    83
       Punch             |       |     1 ||     1
Throw: Stone             |     4 |       ||     4
Armor: Robe              |    24 |       ||    24
Dodge: Dodged            |    49 |     4 ||    53

Table legend: (Time is in decaauts)
 A = Elapsed time spent in this place.
 B = Non-inter-level travel time spent in this place.
 C = Inter-level travel time spent in this place.
 D = Time resting spent in this place.
 E = Time spent auto-exploring this place.
 F = Levels seen in this place.
 G = Mean time per level.
                   A        B        C        D        E       F      G
               +--------+--------+--------+--------+--------+-----+--------+
         Total |   1010 |    999 |     11 |      0 |    661 |   2 |  505.0 |
       Dungeon |   1010 |    999 |     11 |      0 |    661 |   2 |  505.0 |
               +--------+--------+--------+--------+--------+-----+--------+

Top non-repeatable levels by time:
     D:1: 716 daAuts
     D:2: 293 daAuts
